 Dungeon Crawl Stone Soup version 0.32-a0-872-g59262bdc9b (webtiles) character file.

Game seed: 7288594703787575085

51 KennySheep the Chopper (level 3, -7/29 HPs)
             Began as a Human Berserker on Mar 31, 2024.
             Was a Believer of Trog.
             Mangled by Grinder (8 damage)
             ... on level 3 of the Dungeon.
             The game lasted 00:02:40 (1992 turns).

KennySheep the Chopper (Human Berserker)            Turns: 1992, Time: 00:02:41

Health: -7/29      AC:  2    Str: 19    XL:     3   Next: 83%
Magic:  3/3        EV: 11    Int:  7    God:    Trog [**....]
Gold:   173        SH:  0    Dex: 12    Spells: 2/2 levels left

rFire   . . .        a - +0 hand axe
rCold   . . .        (no shield)
rNeg    . . .        b - +0 animal skin
rPois   .            (no helmet)
rElec   .            (no cloak)
rCorr   .            (no gloves)
SInv    .            (no boots)
Will    .....        (no amulet)
Stlth   +            (no ring)
HPRegen 0.24/turn    (no ring)
MPRegen 0.08/turn

%: no passive effects
@: on berserk cooldown, slowed, very slow
A: explore regen
a: Renounce Religion, Berserk, Trog's Hand


You were on level 3 of the Dungeon.
You worshipped Trog.
Trog was pleased with you.
You visited 1 branch of the dungeon, and saw 4 of its levels.

You collected 173 gold pieces.

Inventory:

Hand Weapons
 a - a +0 hand axe (weapon)
Missiles
 i - a throwing net (quivered)
Armour
 b - a +0 animal skin (worn)
Scrolls
 c - a scroll of revelation {unknown}
 f - 4 scrolls of identify {unknown}
 h - a scroll of enchant weapon {unknown}
Potions
 d - 2 potions of invisibility {unknown}
 e - a potion of magic {unknown}
 g - 3 potions of lignification {unknown}
 j - a potion of cancellation {unknown}
 k - a potion of mutation {unknown}
 l - a potion of resistance {unknown}


   Skills:
 + Level 3.4 Fighting
 * Level 3.7 Axes
 + Level 2.4 Armour
 + Level 2.5 Dodging


You had 2 spell levels left.
You didn't know any spells.
Your spell library was empty.

Dungeon Overview and Level Annotations

Branches:
Dungeon (4/15)
 Temple: D:4-7

Altars:
Vehumet

Annotations:
D:3 Grinder


Innate Abilities, Weirdness & Mutations

You regain HP and MP as you explore.


Message History

Grinder hits you. Grinder hits you but does no damage.
You can move again.
You closely miss Grinder.
Grinder is heavily wounded.
Grinder barely misses you.
You closely miss Grinder.
Grinder is heavily wounded.
You closely miss Grinder.
Grinder is heavily wounded.
Grinder closely misses you.
You slash Grinder!
Grinder is severely wounded.
Grinder hits you!
You hit Grinder.
Grinder is almost dead.
You are no longer berserk.
You are exhausted.
You feel yourself slow down. Grinder gestures at you.
You suddenly lose the ability to move!
Grinder hits you.
* * * LOW HITPOINT WARNING * * *
You writhe in agony.
* * * LOW HITPOINT WARNING * * *
Grinder blinks!
You can move again.
Grinder blinks!
There is a stone staircase leading down, spattered with blood here.
You start resting.
Grinder is nearby!
Grinder gestures at you. Pain shoots through your body!
* * * LOW HITPOINT WARNING * * *
Grinder completely misses you.
You closely miss Grinder.
Grinder is almost dead.
Grinder hits you!
You die...
Grinder sighs, "Dead already?
I want a refund."

.>...# ####.#
...#.# ##.#.#
##†#.# ##†#.#
##.#.#
##.#.##############
................@>#
##.#.############5#
##.#...........##.#
...###########.##.#
##############.#..#
............).....#
###.....########..#
..................#
###.....########.##


You could see Grinder.

Vanquished Creatures
  An adder (D:3)
  A ribbon worm (D:2)
  A dart slug (D:3)
  6 ball pythons (D:1)
  4 bats
  A goblin (D:3)
  3 hobgoblins
  4 jackals (D:3)
  4 frilled lizards
  4 kobolds (D:1)
  9 rats
38 creatures vanquished.

Notes
Turn   | Place    | Note
-------+----------+-------------------------------------------
     0 | D:1      | KennySheep the Human Berserker began the quest for the Orb.
     0 | D:1      | Reached XP level 1. HP: 18/18 MP: 1/1
    82 | D:1      | Reached XP level 2. HP: 23/24 MP: 2/2
   672 | D:2      | Reached XP level 3. HP: 20/29 MP: 3/3
  1030 | D:2      | Reached ** piety under Trog
  1124 | D:3      | Found a radiant altar of Vehumet.
  1962 | D:4      | Noticed Grinder
  1970 | D:3      | Paralysed by Grinder for 4 turns
  1979 | D:3      | Paralysed by Grinder for 2 turns
  1991 | D:3      | HP: 1/29 [Grinder/nerve-wracking pain (7)]
  1992 | D:3      | Mangled by Grinder

Illustrated notes

Levels and vault maps discovered:
D:1:      scummos_arrival_simple_crosswalls, layout_loops_ring
D:2:      layout_rooms, chequers_mini_garden
D:3:      layout_basic, nicolae_vehumet_radiance
D:4:      layout_loops_ring, minmay_misc_feat_enclosed, uniq_grinder

Action                     || total
---------------------------++-------
  Melee: Hand axe          ||   129
 Invoke: Berserk           ||     1
 Armour: Animal skin       ||    81
  Dodge: Dodged            ||    88

Table legend: (Time is in decaauts)
 A = Elapsed time spent in this place.
 B = Non-inter-level travel time spent in this place.
 C = Inter-level travel time spent in this place.
 D = Time resting spent in this place.
 E = Time spent auto-exploring this place.
 F = Levels seen in this place.
 G = Mean time per level.
                   A        B        C        D        E       F      G
               +--------+--------+--------+--------+--------+-----+--------+
         Total |   2010 |   1975 |     35 |      9 |   1686 |   4 |  502.5 |
       Dungeon |   2010 |   1975 |     35 |      9 |   1686 |   4 |  502.5 |
               +--------+--------+--------+--------+--------+-----+--------+

Top non-repeatable levels by time:
     D:3: 892 daAuts
     D:1: 671 daAuts
     D:2: 443 daAuts
     D:4: 2 daAuts
